 Dungeon Crawl Stone Soup version 0.23-a0-143-g1adec7bb76 (webtiles) character file.

2446 PikkenKukken the Carver (level 9, 0/69 HPs)
             Began as a Human Skald on Sept 3, 2018.
             Was a Follower of Qazlal.
             Slain by an orc warrior
             ... wielding a +0 halberd
              (8 damage)
             ... on level 8 of the Dungeon.
             The game lasted 00:24:05 (12392 turns).

PikkenKukken the Carver (Human Skald)              Turns: 12392, Time: 00:24:06

Health: 0/69       AC: 14    Str: 14    XL:     9   Next: 78%
Magic:  21/21      EV:  7    Int: 15    God:    Qazlal [*.....]
Gold:   340        SH:  2    Dex: 12    Spells: 11/12 levels left

rFire    . . .     SeeInvis .   p - +0 long sword
rCold    . . .     Gourm    .   (no shield)
rNeg     . . .     Faith    .   h - +0 chain mail
rPois    .         Spirit   .   e - +1 helmet
rElec    .         Reflect  .   r - +0 cloak
rCorr    .         Harm     .   (no gloves)
MR       .....                  (no boots)
Stlth    ..........             (no amulet)
HPRegen  0.21/turn              u - ring of magical power
MPRegen  0.17/turn              (no ring)

@: no status effects
A: no striking features
a: Renounce Religion


You were on level 8 of the Dungeon.
You worshipped Qazlal.
Qazlal was aware of your devotion.
You were not hungry.

You visited 1 branch of the dungeon, and saw 8 of its levels.
You also visited: Ossuary.

You collected 340 gold pieces.

Inventory:

Hand Weapons
 a - a +0 falchion
 p - a +0 long sword (weapon)
 x - a +0 shortbow
Missiles
 o - 5 tomahawks (quivered)
 y - 145 arrows
Armour
 e - a +1 helmet (worn)
 h - a +0 chain mail (worn)
 r - a +0 cloak (worn)
 D - a cursed -1 chain mail
 E - the cursed +1 ring mail of Activism {SInv, unknown}
   (You found it on level 7 of the Dungeon)

   It lets you see invisible.
   It has a curse placed upon it.
Jewellery
 u - a ring of magical power (left hand)
 A - an uncursed ring of see invisible {unknown}
 F - an uncursed ring of protection from fire {unknown}
Wands
 t - a wand of random effects (31)
 B - a wand of polymorph (17)
Scrolls
 i - a scroll of enchant armour
 k - 3 scrolls of holy word
 n - 5 scrolls of teleportation
 G - a scroll of amnesia
Potions
 b - 2 potions of haste
 c - 3 potions of curing
 f - 4 potions of heal wounds
 g - 2 potions of brilliance
 j - a potion of agility
 l - a potion of invisibility
 m - 2 potions of cancellation
 q - a potion of berserk rage
 s - a potion of flight {unknown}
 v - 2 potions of ambrosia
 w - a potion of might
 z - a potion of lignification
Comestibles
 d - 7 rations


   Skills:
 + Level 5.8 Fighting
 * Level 8.1 Long Blades
 * Level 7.6 Armour
 - Level 3.0 Dodging
 - Level 2.0 Spellcasting
 - Level 3.0 Charms


You had 11 spell levels left.
You knew the following spells:

 Your Spells              Type           Power        Failure   Level  Hunger
a - Infusion              Chrm           ##..         73%         1    #......

Your spell library contained the following spells:

 Spells                   Type           Power        Failure   Level  Hunger
 Song of Slaying          Chrm           ##......     86%         2    ###....
 Shroud of Golubria       Chrm/Tloc      #.........   97%         2    ###....
 Confusing Touch          Hex            #.....       98%         1    #......
 Sandblast                Erth           #.....       98%         1    #......
 Corpse Rot               Necr           N/A          99%         2    ###....
 Passwall                 Tmut/Erth      #.......     99%         2    ###....
 Regeneration             Chrm/Necr      #.........   99%         3    ###....
 Spectral Weapon          Hex/Chrm       #.......     99%         3    ###....
 Confuse                  Hex            #.......     100%        3    ###....
 Gell's Gravitas          Tloc           #.........   100%        3    ###....
 Stone Arrow              Conj/Erth      #.....       100%        3    ###....
 Leda's Liquefaction      Hex/Erth       #.........   100%        4    #####..
 Petrify                  Tmut/Erth      #.......     100%        4    #####..
 Lee's Rapid Deconstruct  Erth           #.........   100%        5    ######.
 Metabolic Englaciation   Hex/Ice        #.........   100%        5    ######.
 Summon Forest            Summ/Tloc      #.........   100%        5    ######.
 Yara's Violent Unravell  Hex/Tmut       #.........   100%        5    ######.
 Hydra Form               Tmut           #.........   100%        6    #######
 Summon Hydra             Summ           #.........   100%        7    #######


Dungeon Overview and Level Annotations

Branches:
Dungeon (8/15)             Temple (0/1) D:7
   Lair: D:8-11

Altars:
Ashenzari
Dithmenos
Gozag
Makhleb
Okawaru
Qazlal
Vehumet
Xom
Yredelemnul

Shops:
D:8 (


Message History

The orc warrior is moderately wounded.
The orc warrior barely misses you.
You riposte.
You hit the orc warrior.
The orc warrior is heavily wounded.
You barely miss the orc warrior.
The orc warrior is heavily wounded.
The orc warrior hits you with a halberd!
You slash the orc warrior!
The orc warrior is severely wounded.
The orc warrior hits you with a halberd!
You hit the orc warrior.
The orc warrior is severely wounded.
A crimson imp comes into view.
You slash the orc warrior!
The orc warrior is almost dead.
The orc warrior hits you with a halberd!
* * * LOW HITPOINT WARNING * * *
You barely miss the orc warrior.
The orc warrior is almost dead.
The orc warrior hits you with a halberd!
You die...

(
############....
#.....@ooo.....#
#.########......
#.# #<# ((...
####.# #.# ....
#....# #.# ..(
##.### #.# ..
#.# #.# . #.#
#.# #.# #.#


You could see an orc warrior and 2 orcs.

Vanquished Creatures
  Grinder (D:5)
  Sigmund (D:4)
  A water moccasin (D:7)
  An ice beast (D:8)
  An orc warrior (D:5)
  An ogre (D:5)
  A phantom (D:5)
  4 centaurs
  2 bullfrogs
  2 scorpions
  5 wights
  A bullfrog zombie (D:6)
  A jelly (D:8)
  A crimson imp (D:5)
  2 centaur zombies (Ossuary)
  An orc priest (D:5)
  2 hounds
  A bullfrog skeleton (D:4)
  2 iguanas
  5 orc wizards
  2 worker ants
  A hound skeleton (D:4)
  5 mummies
  10 adders
  4 gnolls (D:1)
  A shadow imp (D:7)
  An adder zombie (D:5)
  3 worms
  3 leopard geckos
  30 orcs
  9 giant cockroaches
  12 goblins
  7 hobgoblins
  3 jackals (D:5)
  A quokka (D:2)
  9 bats
  7 frilled lizards
  A goblin zombie (D:7)
  5 hobgoblin zombies
  8 kobolds
  A leopard gecko skeleton (D:6)
  A leopard gecko zombie (D:7)
  18 rats
  A spectral orc (D:3)
179 creatures vanquished.

Vanquished Creatures (others)
  An orc wizard (D:5)
1 creature vanquished.

Grand Total: 180 creatures vanquished

Notes
Turn   | Place    | Note
-------+----------+-------------------------------------------
     0 | D:1      | PikkenKukken the Human Skald began the quest for the Orb.
     0 | D:1      | Reached XP level 1. HP: 16/16 MP: 3/3
    32 | D:1      | Reached XP level 2. HP: 10/22 MP: 5/5
   527 | D:1      | Reached XP level 3. HP: 19/27 MP: 6/6
   716 | D:1      | Found an iron altar of Okawaru.
   970 | D:2      | Found a shattered altar of Ashenzari.
  1259 | D:1      | Reached skill level 3 in Long Blades
  1259 | D:1      | Reached XP level 4. HP: 31/34 MP: 7/7
  2072 | D:1      | Reached XP level 5. HP: 11/39 MP: 8/8
  2576 | D:2      | Found a stormy altar of Qazlal.
  2583 | D:2      | Became a worshipper of Qazlal Stormbringer
  3139 | D:2      | Found an opulent altar of Gozag.
  3714 | D:2      | Reached XP level 6. HP: 41/47 MP: 9/9
  4021 | D:3      | Reached skill level 4 in Long Blades
  4626 | D:3      | Found a shimmering altar of Xom.
  4630 | D:3      | Found a radiant altar of Vehumet.
  4730 | D:3      | Found a basalt altar of Yredelemnul.
  5620 | D:4      | Found a shadowy altar of Dithmenos.
  5795 | D:5      | Entered Level 5 of the Dungeon
  5828 | D:5      | Noticed a phantom
  5911 | D:5      | Reached XP level 7. HP: 43/52 MP: 10/10
  6621 | D:5      | Found a burning altar of Makhleb.
  6621 | D:5      | Noticed a blizzard demon
  6784 | D:5      | Noticed Sigmund
  6849 | D:4      | Killed Sigmund
  6849 | D:4      | Reached skill level 5 in Long Blades
  7404 | D:5      | Noticed Grinder
  7426 | D:5      | Killed Grinder
  7426 | D:5      | Reached skill level 5 in Armour
  7426 | D:5      | Reached XP level 8. HP: 60/60 MP: 11/11
  7804 | D:5      | Reached skill level 6 in Long Blades
  9566 | D:5      | Reached skill level 5 in Fighting
  9566 | D:5      | Reached XP level 9. HP: 57/68 MP: 12/12
  9628 | D:6      | Reached skill level 7 in Long Blades
 10059 | D:6      | Reached * piety under Qazlal
 10393 | D:7      | Got an amethyst-encrusted ring mail
 10445 | D:7      | Found a staircase to the Ecumenical Temple.
 10803 | D:7      | Found a sand-covered staircase.
 10811 | Ossuary  | Entered an ossuary
 12007 | D:8      | Found Cigeycs's Antique Weapon Shop.
 12034 | D:8      | Reached skill level 8 in Long Blades
 12392 | D:8      | Slain by an orc warrior

Vault maps used:
D:1:      erik_arrival_orb_chamber, okawaru_ov_weapons_minmay
D:2:      wad_pebble_path, nicolae_qazlal_eye_of_the_storm,
          grunt_gozag_breadcrumbs, lemuel_round_altar
D:3:      vehumet_crystals, yredelemnul_forgotten_temple_becter,
          xom_butterflies, first_ration, kennysheep_generic_room_15
D:4:      lemuel_coloured_pillars_altar, nicolae_overflow_hidden_temple
D:5:      makhleb_altar_promises_db, uniq_grinder, uniq_sigmund
D:7:      minmay_temple_entry_statues_fountains, nicolae_ossuary_entry_giza
D:8:      zin_academy, serial_shops, shop, cheibrodos_ashenzari_chains
Ossuary:  ossuary_the_hunt_dpeg

Skill      XL: |  1  2  3  4  5  6  7  8  9 |
---------------+----------------------------+-----
Long Blades    | 3 4 5 6 8 |  8.1
Armour         | 2 3 5 6 7 |  7.6
Fighting       | 3 4 5 |  5.8
Dodging        | 3 |  3.0
Spellcasting   | |  2.0
Charms         | |  3.0

Action                   |  1- 3 |  4- 6 |  7- 9 || total
-------------------------+-------+-------+-------++-------
Melee: Falchion          |   120 |   402 |   324 ||   846
       Long sword        |       |       |   366 ||   366
Throw: Tomahawk          |       |     8 |    38 ||    46
Evoke: Wand              |       |       |     1 ||     1
  Use: Scroll            |     4 |     6 |    10 ||    20
       Potion            |       |       |     4 ||     4
 Stab: Sleeping          |     1 |       |       ||     1
  Eat: Chunk             |     1 |    15 |     9 ||    25
       Ration            |       |       |     4 ||     4
Armor: Leather armour    |    24 |       |       ||    24
       Chain mail        |    38 |   292 |   365 ||   695
       Skin              |       |       |    31 ||    31
Dodge: Dodged            |    60 |   153 |   207 ||   420
Block: Other             |       |       |     6 ||     6
       Rpst.: Falchion   |    26 |    47 |    41 ||   114
       Long sword        |       |       |    32 ||    32

Table legend:
 A = Non-vault XP
 B = Vault XP
 C = Vault XP percentage of total XP
 D = Non-vault monster count
 E = Vault monster count
 F = Vault count percentage of total count
                 A         B        C        D         E       F
            +---------+---------+-------+---------+---------+-------
      Total |    2819 |     676 |  19.3 |     151 |      29 |  16.1
            +---------+---------+-------+---------+---------+-------
        D:1 |      92 |      12 |  11.5 |      27 |      12 |  30.8
        D:2 |     126 |       0 |   0.0 |      21 |       0 |   0.0
        D:3 |     109 |       6 |   5.2 |      27 |       2 |   6.9
        D:4 |     189 |     212 |  52.9 |      10 |       1 |   9.1
        D:5 |     906 |     262 |  22.4 |      32 |       1 |   3.0
        D:6 |     675 |       0 |   0.0 |      16 |       0 |   0.0
        D:7 |     418 |      20 |   4.6 |      13 |       3 |  18.8
        D:8 |     304 |       0 |   0.0 |       5 |       0 |   0.0
    Ossuary |       0 |     164 | 100.0 |       0 |      10 | 100.0
            +---------+---------+-------+---------+---------+-------
